 Dungeon Crawl Stone Soup version 0.31-a0-521-gc7390f8 (webtiles) character file.

Game seed: 11707157519656352233

3770 Dorkslayer the Cudgeller (level 9, -7/84 HPs)
             Began as a Troll Fighter on Aug 10, 2023.
             Was a Follower of Okawaru.
             Mangled by a white ugly thing (19 damage)
             ... on level 8 of the Dungeon.
             The game lasted 00:19:04 (6113 turns).

Dorkslayer the Cudgeller (Troll Fighter)            Turns: 6113, Time: 00:19:05

Health: -7/84      AC:  8    Str: 30    XL:     9   Next: 94%
Magic:  9/9        EV: 10    Int:  4    God:    Okawaru [*.....]
Gold:   313        SH:  9    Dex: 13    Spells: 8/8 levels left

rFire   . . .        C - +0 flail of Ujuabe {venom, Str+4}
rCold   . . .        c - +0 kite shield
rNeg    . . .        k - +0 steam dragon scales
rPois   +            (helmet restricted)
rElec   .            b - +0 cloak {Will+}
rCorr   .            (gloves unavailable)
SInv    .            (boots unavailable)
Will    ++...        (no amulet)
Stlth   ++           t - ring of poison resistance
HPRegen 1.14/turn    d - ring of willpower
MPRegen 0.11/turn

%: no passive effects
@: no status effects
A: large, unfitting armour, claws 3, regeneration 1, shaggy fur 1, tough skin 1
a: Renounce Religion, Heroism


You were on level 8 of the Dungeon.
You worshipped Okawaru.
Okawaru was aware of your devotion.
You visited 2 branches of the dungeon, and saw 9 of its levels.

You collected 313 gold pieces.

Inventory:

Hand Weapons
 y - a +4 giant spiked club
 C - the +0 flail of Ujuabe (weapon) {venom, Str+4}
   (You found it on level 7 of the Dungeon)

   Str+4:     It affects your strength (+4).
Missiles
 i - 5 boomerangs
 w - 2 large rocks
Armour
 b - a +0 cloak of willpower (worn)
 c - a +0 kite shield (worn)
 k - +0 steam dragon scales (worn)
Jewellery
 d - a ring of willpower (right claw)
 f - a ring of protection from fire
 o - a ring of protection from fire
 t - a ring of poison resistance (left claw)
 x - a ring of resist corrosion
Wands
 j - a wand of flame (40)
 s - a wand of paralysis (21)
 u - a wand of polymorph (3)
 B - a wand of iceblast (10)
Scrolls
 h - 2 scrolls of blinking
 m - a scroll of poison
 n - 2 scrolls of teleportation
 p - 2 scrolls of fog
Potions
 a - a potion of heal wounds
 e - a potion of attraction
 l - a potion of resistance {unknown}
 v - a potion of brilliance
 z - a potion of curing
 A - a potion of ambrosia {unknown}


   Skills:
 + Level 4.3 Fighting
 + Level 6.9 Maces & Flails
 * Level 4.2 Throwing
 + Level 5.0 Dodging
 + Level 2.3 Stealth
 + Level 5.3 Shields
 * Level 1.8 Invocations
 * Level 4.1 Evocations


You had 8 spell levels left.
You didn't know any spells.
Your spell library contained the following spells:

 Spells                   Type           Power      Damage    Failure   Level
 Slow                     Hex            0%         N/A       71%         1
 Wereblood                Tmut           0%         N/A       83%         2
 Confusing Touch          Hex            0%         N/A       97%         3
 Gell's Gravitas          Tloc           0%         N/A       97%         3
 Ignite Poison            Fire/Tmut/Pois 0%         N/A       97%         3
 Teleport Other           Tloc           0%         N/A       97%         3
 Vampiric Draining        Necr           0%         2d6       97%         3
 Sticky Flame             Conj/Fire      0%         2d3       100%        4
 Irradiate                Conj/Tmut      0%         3d11      100%        5
 Conjure Ball Lightning   Conj/Air       0%         3x3d6     100%        6
 Dispersal                Tloc           0%         N/A       100%        6
 Discord                  Hex            0%         N/A       100%        8
 Disjunction              Tloc           0%         N/A       100%        8
 Ignition                 Fire           0%         3d3       100%        8


Dungeon Overview and Level Annotations

Branches:
Dungeon (8/15)             Temple (1/1) D:6
   Lair: D:8-11

Altars:
Ashenzari
Dithmenos
Fedhas
Gozag
Hepliaklqana
Kikubaaqudgha
Makhleb
Nemelex Xobeh
Okawaru
Qazlal
Ru
Sif Muna
Vehumet
Wu Jian
Xom
Yredelemnul
Zin
The Shining One

Shops:
D:3 [


Innate Abilities, Weirdness & Mutations

You are too large for most types of armour.
You have claws for hands.
Your natural rate of healing is unusually fast.
You are covered in fur. (AC +1)
You have tough skin. (AC +1)


Message History

Aiming: Throw Flame
Press: ? - help, Shift-Dir - straight line, f - white ugly thing
Aim: a white ugly thing (wandering, hasn't noticed you, 71% to hit)
The puff of flame misses the white ugly thing.
The white ugly thing gurgles horribly!
Aiming: Throw Flame
Press: ? - help, Shift-Dir - straight line, f/p - white ugly thing
Aim: a white ugly thing (71% to hit)
The puff of flame hits the white ugly thing.
The white ugly thing is lightly wounded.
Aiming: Throw Flame
Press: ? - help, Shift-Dir - straight line, f/p - white ugly thing
Aim: a white ugly thing (lightly wounded, 71% to hit)
The puff of flame hits the white ugly thing!
The white ugly thing is lightly wounded.
A jelly comes into view.
Aiming: Throw Flame
Press: ? - help, Shift-Dir - straight line, f/p - white ugly thing
Aim: a white ugly thing (lightly wounded, 71% to hit)
The puff of flame hits the white ugly thing!
The white ugly thing is moderately wounded.
Aiming: Throw Flame
Press: ? - help, Shift-Dir - straight line, f/p - white ugly thing
Aim: a white ugly thing (moderately wounded, 71% to hit)
The puff of flame hits the white ugly thing.
The white ugly thing is heavily wounded.
You bludgeon the white ugly thing!!
The white ugly thing is severely wounded.
The white ugly thing bites you! The white ugly thing freezes you!!
The white ugly thing barely misses you.
You barely miss the white ugly thing.
The white ugly thing is severely wounded.
The white ugly thing bites you! The white ugly thing freezes you!
* * * LOW HITPOINT WARNING * * *
You barely miss the white ugly thing.
The white ugly thing is severely wounded.
The white ugly thing bites you!
* * * LOW HITPOINT WARNING * * *
The white ugly thing freezes you!!
You die...

,**,,,,,,,,,,,.........# #......
***,,,,,,,,,,*#####+#..# ###.###
*,,,,,,,,,,,,* #.#.#######.###
,,,,,,,,,..,,* #...#.....#.###
,,,,,,,,,....######..##.....#.###
,,,,***,,...................#'###
,,,,,**,,,.#####..###..........)†
,,,,,,,,,,,,,,##'####...........#
,,,**,,**+*,,,#.@...............#
,,,+,*,,,,,,,,+.u...............#
,,,*,*,**>,,,,#...J.............#
,,,*,*,****,,,#.................#
,,,*,*,* *,,,#.........#########
,,,*,*,* *,,,#.........* ####
****,*,****,,,#.........*
*,,,,,,,,,,#.........****
****,,,,,,,***,,,,,,,,,,,,,*


You could see a white ugly thing and a jelly.

Vanquished Creatures
  Pikel (D:4)
  Grinder (D:4)
  A yak (D:7)
  A steam dragon (D:6)
  Eustachio (D:4)
  4 water moccasins
  2 ice beasts
  4 ogres
  An orc warrior (D:5)
  A sky beast (D:7)
  2 centaurs
  A bullfrog (D:7)
  7 scorpions
  A gnoll sergeant (D:7)
  A wight (D:7)
  3 killer bees (D:8)
  A howler monkey (D:5)
  2 hounds
  An orc priest (D:3)
  Crazy Yiuf (D:2)
  A gnoll bouda (D:6)
  3 jellies
  4 iguanas
  Jessica (D:2)
  2 orc wizards (D:7)
  10 gnolls
  6 adders
  2 shadow imps
  A white imp (D:7)
  28 orcs
  5 bats
  6 endoplasms
  3 giant cockroaches
  6 goblins
  9 hobgoblins
  5 jackals
  3 quokkas
  5 ball pythons
  9 frilled lizards
  5 kobolds
  6 rats
157 creatures vanquished.

Vanquished Creatures (others)
  A shadow imp (D:6)
1 creature vanquished.

Grand Total: 158 creatures vanquished

Notes
Turn   | Place    | Note
-------+----------+-------------------------------------------
     0 | D:1      | Dorkslayer the Troll Fighter began the quest for the Orb.
     0 | D:1      | Reached XP level 1. HP: 22/22 MP: 0/0
   145 | D:1      | Reached XP level 2. HP: 29/29 MP: 1/1
   291 | D:1      | Reached skill level 2 in Maces & Flails
   770 | D:2      | Reached XP level 3. HP: 36/36 MP: 2/2
  1167 | D:2      | Noticed Jessica
  1172 | D:2      | Killed Jessica
  1173 | D:2      | Reached XP level 4. HP: 40/44 MP: 3/3
  1447 | D:2      | Found a runed translucent door.
  1448 | D:2      | Noticed Crazy Yiuf
  1459 | D:2      | Killed Crazy Yiuf
  1673 | D:3      | Reached XP level 5. HP: 30/52 MP: 4/4
  1708 | D:3      | Reached skill level 1 in Evocations
  1861 | D:3      | Found a sacrificial altar of Ru.
  1972 | D:3      | Reached skill level 3 in Maces & Flails
  2056 | D:3      | Found Oppiorphuq's Antique Armour Shop.
  2118 | D:3      | You fall into a shaft and drop 1 floor!
  2691 | D:3      | You fall into a shaft and drop 2 floors!
  2691 | D:5      | Entered Level 5 of the Dungeon
  2762 | D:5      | Noticed a water moccasin
  2776 | D:5      | Killed a water moccasin
  2777 | D:5      | Reached XP level 6. HP: 61/61 MP: 5/5
  2800 | D:5      | Found a blossoming altar of Fedhas.
  2870 | D:5      | Reached skill level 4 in Maces & Flails
  2870 | D:5      | Reached XP level 7. HP: 47/67 MP: 6/6
  3019 | D:5      | Reached skill level 1 in Throwing
  3187 | D:5      | Found a glowing silver altar of Zin.
  3319 | D:4      | Noticed Grinder
  3355 | D:4      | Killed Grinder
  3356 | D:4      | Reached skill level 5 in Maces & Flails
  3356 | D:4      | Reached skill level 1 in Stealth
  3356 | D:4      | Reached XP level 8. HP: 69/75 MP: 7/7
  3453 | D:4      | Noticed Pikel
  3478 | D:4      | Killed Pikel
  3517 | D:4      | Noticed Eustachio
  3528 | D:4      | Killed Eustachio
  3888 | D:4      | Found an ornate altar of the Wu Jian Council.
  4253 | D:6      | Reached XP level 9. HP: 79/84 MP: 8/8
  4298 | D:5      | Reached skill level 6 in Maces & Flails
  4582 | D:6      | Identified the +7 spear "Unkexa" {heavy, rF+ rC+ Will+
                  | Stlth-}
  4760 | D:6      | Identified the -1 helmet of Dianim {rElec rPois Str+6
                  | Int-5}
  4836 | D:6      | Found a staircase to the Ecumenical Temple.
  4846 | Temple   | Entered the Ecumenical Temple
  4872 | Temple   | Became a worshipper of Warmaster Okawaru
  5133 | D:7      | Reached skill level 1 in Invocations
  5148 | D:7      | Reached skill level 5 in Shields
  5324 | D:7      | Reached * piety under Okawaru
  5331 | D:7      | Identified the +0 flail of Ujuabe {venom, Str+4}
  5658 | D:7      | Found a shadowy altar of Dithmenos.
  5671 | D:7      | Reached skill level 5 in Dodging
  6105 | D:8      | Noticed a white ugly thing
  6113 | D:8      | Mangled by a white ugly thing

Illustrated notes

Levels and vault maps discovered:
D:1:      scummos_arrival_star, layout_loops_ring
D:2:      layout_basic, uniq_jessica, uniq_crazy_yiuf_cottage
D:3:      layout_loops_ring, hangedman_ru_absence, serial_shops, shop,
          serial_bayou, serial_bayou_shore_a, serial_bayou_ford_a,
          serial_bayou_pond_a, serial_bayou_shore_b, serial_bayou_pond_d,
          serial_bayou_lagoon_a
D:4:      layout_basic, nicolae_wu_jian_glorious_leap, uniq_eustachio,
          uniq_grinder, uniq_pikel
D:5:      layout_basic, fedhas_altar_1, overflow_temple_1_default
D:6:      layout_cave_pools, minmay_temple_entry_enclosed_plants
D:7:      minmay_general_purpose_star, layout_loops_corners,
          nicolae_dithmenos_the_darkroom
D:8:      layout_basic
Temple:   hellmonk_temple_forest_ring

Skill      XL: |  1  2  3  4  5  6  7  8  9 |
---------------+----------------------------+-----
Maces & Flails | 2 3 4 5 6 |  6.9
Shields        | 3 4 5 |  5.3
Dodging        | 3 4 5 |  5.0
Evocations     | 1 2 3 4 |  4.1
Fighting       | 3 4 |  4.3
Throwing       | 2 3 4 |  4.2
Stealth        | 1 2 |  2.3
Invocations    | 1 |  1.8

Action                     |  1- 3 |  4- 6 |  7- 9 || total
---------------------------+-------+-------+-------++-------
  Melee: Flail             |   136 |   207 |   396 ||   739
  Evoke: Wand              |       |       |    15 ||    15
    Use: Scroll            |       |     2 |    18 ||    20
         Potion            |       |     2 |     5 ||     7
   Stab: Sleeping          |     1 |     2 |     2 ||     5
         Paralysed         |       |       |    20 ||    20
 Armour: Robe              |    41 |    84 |    64 ||   189
         Steam dragon scal |       |       |    88 ||    88
  Dodge: Dodged            |    49 |    77 |   160 ||   286
  Block: Kite shield       |    63 |    89 |   192 ||   344

Table legend: (Time is in decaauts)
 A = Elapsed time spent in this place.
 B = Non-inter-level travel time spent in this place.
 C = Inter-level travel time spent in this place.
 D = Time resting spent in this place.
 E = Time spent auto-exploring this place.
 F = Levels seen in this place.
 G = Mean time per level.
                   A        B        C        D        E       F      G
               +--------+--------+--------+--------+--------+-----+--------+
         Total |   6313 |   6313 |      0 |    132 |   2677 |   9 |  701.4 |
       Dungeon |   6268 |   6268 |      0 |    132 |   2677 |   8 |  783.5 |
        Temple |     44 |     44 |      0 |      0 |      0 |   1 |   44.0 |
               +--------+--------+--------+--------+--------+-----+--------+

Top non-repeatable levels by time:
     D:7: 1051 daAuts
     D:3: 1022 daAuts
     D:2: 998 daAuts
     D:5: 913 daAuts
     D:4: 804 daAuts
     D:1: 707 daAuts
     D:6: 589 daAuts
     D:8: 181 daAuts
  Temple: 44 daAuts
